 Dungeon Crawl Stone Soup version 0.30-a0-591-g3c58d2bc28 (webtiles) character file.

Game seed: 13119718539694592691

591 Pooter the Chopper (level 7, -8/61 HPs)
             Began as a Minotaur Berserker on Jan 5, 2023.
             Was a Priest of Trog.
             Mangled by an ogre
             ... wielding a +0 giant club
              (45 damage)
             ... on level 5 of the Dungeon.
             The game lasted 00:15:58 (4010 turns).

Pooter the Chopper (Minotaur Berserker)             Turns: 4010, Time: 00:15:59

Health: -8/61      AC: 14    Str: 23    XL:     7   Next: 16%
Magic:  6/6        EV:  7    Int:  4    God:    Trog [***...]
Gold:   301        SH:  0    Dex: 10    Spells: 6/6 levels left

rFire   . . .      SeeInvis .    a - +0 broad axe
rCold   . . .      Faith    .    i - orb {mayhem}
rNeg    . . .      Spirit   .    u - +0 plate armour
rPois   .          Reflect  .    (helmet restricted)
rElec   .          Harm     .    (no cloak)
rCorr   .          Rampage  .    e - +2 pair of gloves
Will    .....                    (no boots) Stlth
                                 k - amulet of regeneration
HPRegen 1.10/turn                n - ring of flight
MPRegen 0.10/turn                (no ring)

@: flying
A: horns 2, retaliatory headbutt
a: Renounce Religion, Berserk, Trog's Hand


You were on level 5 of the Dungeon.
You worshipped Trog.
Trog was most pleased with you.
You visited 1 branch of the dungeon, and saw 5 of its levels.

You collected 301 gold pieces.

Inventory:

Hand Weapons
 a - a +0 broad axe (weapon)
   (You found it on level 4 of the Dungeon)
 b - a +0 sling
   (You found it on level 1 of the Dungeon)
 d - a +2 war axe
   (You found it on level 2 of the Dungeon)
 g - a +0 trident
   (You took it off a kobold on level 3 of the Dungeon)
 A - a +2 short sword of flaming
   (You took it off a kobold on level 1 of the Dungeon)
Missiles
 Q - 61 stones (quivered)
Armour
 e - a +2 pair of gloves (worn)
   (You found it on level 4 of the Dungeon)
 i - an orb of mayhem (worn)
   (You found it on level 4 of the Dungeon)
 u - a +0 plate armour (worn)
   (You found it on level 4 of the Dungeon)
Jewellery
 k - an amulet of regeneration (around neck)
   (You found it on level 2 of the Dungeon)
 n - a ring of flight (left hand)
   (You found it on level 2 of the Dungeon)
 q - a ring of fire
   (You found it on level 2 of the Dungeon)
Wands
 f - a wand of flame (11)
   (You found it on level 5 of the Dungeon)
 v - a wand of charming (9)
   (You found it on level 5 of the Dungeon)
 x - a wand of polymorph (1)
   (You found it on level 5 of the Dungeon)
Scrolls
 j - 3 scrolls of magic mapping
 l - a scroll of poison {unknown}
 m - a scroll of fear
 p - a scroll of acquirement {unknown}
 r - a scroll of noise {unknown}
 t - 2 scrolls of teleportation {@r4}
 y - a scroll of immolation {unknown}
 z - 2 scrolls of enchant armour {unknown}
 C - a scroll of blinking {unknown}
Potions
 c - a potion of mutation {unknown}
 h - 2 potions of curing {unknown}
 o - a potion of lignification {unknown}
 s - a potion of flight {unknown}
 w - 2 potions of haste {unknown}
 B - a potion of magic {unknown}


   Skills:
 + Level 5.1 Fighting
 * Level 6.5 Axes
 * Level 4.4 Ranged Weapons
 - Level 2.4 Armour
 - Level 3.8 Dodging
 + Level 0.8 Evocations


You had 6 spell levels left.
You didn't know any spells.
Your spell library was empty.

Dungeon Overview and Level Annotations

Branches:
Dungeon (5/15)
 Temple: D:4-7

Altars:
Fedhas
Kikubaaqudgha
Yredelemnul


Innate Abilities, Weirdness & Mutations

You have a pair of horns on your head.
You reflexively headbutt those who attack you in melee.


Message History

You barely miss the hound. The hound barely misses you.
You furiously retaliate!
You headbutt the hound. The hound closely misses you. You furiously retaliate!
You headbutt the hound. You hit the hound. Your headbutt misses the hound.
The hound bites you but does no damage. The hound bites you.
You slash the hound! You headbutt the hound. The hound closely misses you.
You furiously retaliate!
You headbutt the hound.
You kill the hound!
Trog accepts your kill.
Found a scroll labelled TOMPU ONKUILUB.
C - a scroll labelled TOMPU ONKUILUB An ufetubus comes into view.
The ufetubus shouts!
You hear a shout!
The ufetubus barely misses you. The ufetubus completely misses you.
An ogre comes into view. It is wielding a +0 giant club.
The ufetubus closely misses you. The ufetubus barely misses you.
The ufetubus hits you but does no damage. x2
The ufetubus attacks as you move away! The ufetubus barely misses you.
The ufetubus hits you.
You closely miss the ufetubus. Your headbutt misses the ufetubus.
The ufetubus hits you but does no damage. x3
The ufetubus closely misses you.
You closely miss the ufetubus.
The ufetubus hits you but does no damage. x4
You closely miss the ufetubus. You headbutt the ufetubus.
The ufetubus hits you but does no damage. x4
You miss the ufetubus.
The ufetubus hits you but does no damage. x3
The ufetubus barely misses you.
You completely miss the ufetubus. Your headbutt misses the ufetubus.
The ufetubus barely misses you. x2; The ufetubus hits you.
The ufetubus hits you but does no damage.
You closely miss the ufetubus. The ufetubus completely misses you.
The ufetubus hits you but does no damage.
The ufetubus barely misses you.
The ufetubus hits you but does no damage.
You hit the ufetubus. The ufetubus closely misses you.
The ufetubus hits you but does no damage. x2
The ufetubus hits you.
You closely miss the ufetubus. The ufetubus closely misses you.
You furiously retaliate!
You headbutt the ufetubus!
You kill the ufetubus!
Trog accepts your kill.
The ogre flies into a frenzy!
The ogre shouts!
You slash the ogre! You headbutt the ogre.
The ogre hits you with a +0 giant club!!
The ogre hits you with a +0 giant club!!!
Ouch! That really hurt!
You die...

#........##........#
#.#
########.##.########
########.##.#
............#
########.####
########## # #.#
#.......O. ##### #.#
#.########
....####.# #O#
....†....#######@#
###..............#
################


You could see a neutral ogre (fast, strong, insane).

Vanquished Creatures
  2 phantoms (D:4)
  A necrophage (D:5)
  2 hounds (D:5)
  4 iguanas
  An orc wizard (D:4)
  Robin (D:4)
  6 adders
  2 ufetubi (D:5)
  7 worms
  A dart slug (D:5)
  8 orcs
  4 ball pythons
  7 endoplasms
  2 giant cockroaches (D:4)
  11 goblins
  9 hobgoblins
  10 jackals
  9 kobolds
  4 bats
  A frilled lizard (D:3)
  7 rats
99 creatures vanquished.

Notes
Turn   | Place    | Note
-------+----------+-------------------------------------------
     0 | D:1      | Pooter the Minotaur Berserker began the quest for the Orb.
     0 | D:1      | Reached XP level 1. HP: 19/19 MP: 0/0
    23 | D:1      | Reached skill level 4 in Axes
    23 | D:1      | Reached XP level 2. HP: 19/27 MP: 1/1
   258 | D:1      | Found a faded altar of an unknown god.
   600 | D:1      | Reached XP level 3. HP: 33/33 MP: 2/2
   998 | D:2      | Reached skill level 1 in Ranged Weapons
  1832 | D:3      | Reached ** piety under Trog
  2049 | D:3      | Reached XP level 4. HP: 40/40 MP: 3/3
  2510 | D:4      | Reached skill level 5 in Axes
  2510 | D:4      | Reached XP level 5. HP: 46/46 MP: 4/4
  2529 | D:4      | Noticed Robin
  2539 | D:4      | Killed Robin
  2768 | D:4      | Noticed a phantom
  2781 | D:4      | Killed a phantom
  2782 | D:4      | Reached XP level 6. HP: 53/53 MP: 5/5
  3024 | D:4      | Reached skill level 6 in Axes
  3377 | D:5      | Entered Level 5 of the Dungeon
  3402 | D:5      | Reached skill level 5 in Fighting
  3596 | D:5      | Found a blossoming altar of Fedhas.
  3596 | D:5      | Found an ancient bone altar of Kikubaaqudgha.
  3597 | D:5      | Found a basalt altar of Yredelemnul.
  3650 | D:5      | Reached *** piety under Trog
  3722 | D:5      | Reached XP level 7. HP: 61/61 MP: 6/6
  4010 | D:5      | Mangled by an ogre

Illustrated notes

Levels and vault maps discovered:
D:1:      minmay_arrival_four_houses, layout_basic,
          ebering_ecumenical_altar_box, roderic_serpentine_path, minmay_bisected
D:2:      layout_loops_corners, minivault_27
D:3:      layout_loops_ring
D:4:      layout_basic, st_stairs_13, uniq_robin
D:5:      layout_loops_ring, gammafunk_temple_overflow_forgotten

Skill      XL: |  1  2  3  4  5  6 |
---------------+-------------------+-----
Axes           | 4 5 6 |  6.5
Ranged Weapons | 1 2 3 4 |  4.4
Fighting       | 4 5 |  5.1
Dodging        | 3 |  3.8
Armour         | |  2.4
Evocations     | |  0.8

Action                   |  1- 3 |  4- 6 |  7- 9 || total
-------------------------+-------+-------+-------++-------
Melee: Hand axe          |    29 |       |       ||    29
       Headbutt          |     3 |    11 |     4 ||    18
       War axe           |    27 |    19 |       ||    46
       Broad axe         |       |    44 |    17 ||    61
 Fire: Sling             |    80 |    55 |     3 ||   138
Invok: Berserk           |     2 |     1 |       ||     3
       Trog's Hand       |       |     3 |       ||     3
  Use: Scroll            |     1 |     6 |       ||     7
Armor: Animal skin       |     8 |       |       ||     8
       Plate armour      |       |    35 |    26 ||    61
Dodge: Dodged            |    60 |    40 |    18 ||   118

Table legend: (Time is in decaauts)
 A = Elapsed time spent in this place.
 B = Non-inter-level travel time spent in this place.
 C = Inter-level travel time spent in this place.
 D = Time resting spent in this place.
 E = Time spent auto-exploring this place.
 F = Levels seen in this place.
 G = Mean time per level.
                   A        B        C        D        E       F      G
               +--------+--------+--------+--------+--------+-----+--------+
         Total |   4093 |   4030 |     63 |    154 |   3111 |   5 |  818.6 |
       Dungeon |   4093 |   4030 |     63 |    154 |   3111 |   5 |  818.6 |
               +--------+--------+--------+--------+--------+-----+--------+

Top non-repeatable levels by time:
     D:4: 994 daAuts
     D:1: 901 daAuts
     D:2: 851 daAuts
     D:3: 695 daAuts
     D:5: 650 daAuts
